AoeStats
← RHT.patriotaSJ

Fortress

509786672Analyzed
4v4 RM · 5d ago on Sep 28, 2026· 57m 10s· 8 players
Game mode
Random Map
Map size
Huge
Population
200
Speed
Normal
Resources
Standard
Victory
Conquest
Starting age
Dark Age
Ending age
Imperial Age
RankedLock teamsTeams togetherTeam positionsShared explorationLock speedFull tech treeHidden civsTurbo modeCheats
Victory
Defeat
🇺🇸 Persians · United States
1019
+16
🇧🇷 Shu · Brazil
980
+18
🇺🇸 Bohemians · United States
947
+19
🇺🇸 Japanese · United States
881
+22
🇦🇷 Italians · Argentina
1101
-23
🇦🇷 Burgundians · Argentina
998
-18
🇦🇷 Portuguese · Argentina
995
-18
🇦🇷 Persians · Argentina
959
-16
TeamBudRage
8:05 Feudal Age
11:54 Castle Age
10:29 Double-Bit Axe
11:05 Loom
28:03 Pikeman
boo radley
6:10 Loom
7:58 Feudal Age
11:47 Castle Age
10:52 Double-Bit Axe
10:48 Horse Collar
12:38 Loom
13:45 Bow Saw
13:41 Heavy Plow
17:54 Wheelbarrow
21:27 Hand Cart
21:49 Town Watch
21:57 Town Watch
22:06 Gold Mining
22:06 Stone Mining
27:05 Imperial Age
25:04 Scale Mail Armor
25:33 Pikeman
26:14 Squires
26:32 Chain Mail Armor
26:41 Treadmill Crane
27:44 Town Patrol
27:37 Fletching
27:13 Halberdier
28:14 Bodkin Arrow
28:51 Murder Holes
29:59 Chemistry
29:35 Conscription
29:42 Conscription
29:31 Bracer
30:12 Ballistics
32:30 Guard Tower
33:19 Plate Mail Armor
33:00 Forging
35:55 Caravan
36:53 Iron Casting
37:37 Yasama
37:25 Arrowslits
38:10 Elite Samurai
39:59 Kataparuto
40:51 Blast Furnace
42:16 Keep
41:47 Siege Engineers
Chorpy
6:06 Feudal Age
5:28 Loom
11:39 Castle Age
9:33 Horse Collar
10:05 Double-Bit Axe
12:52 Bow Saw
12:49 Heavy Plow
17:20 Gold Mining
19:02 Wheelbarrow
18:13 Town Watch
19:16 Fervor
20:05 Stone Mining
25:04 Imperial Age
23:26 Hand Cart
24:06 Caravan
25:26 Elite War Elephant
27:04 Conscription
28:37 Hoardings
28:39 Scale Barding Armor
29:19 Gold Shaft Mining
29:18 Forging
29:24 Fletching
36:10 Husbandry
36:22 Bloodlines
38:39 Two-Man Saw
37:06 Light Cavalry
37:32 Sappers
39:24 Masonry
40:18 Chemistry
39:38 Ballistics
39:18 Murder Holes
40:59 Cavalier
41:40 Hussar
43:06 Guilds
43:09 Savar
45:07 Iron Casting
44:53 Chain Barding Armor
47:15 Blast Furnace
49:56 Plate Barding Armor
50:11 Bodkin Arrow
50:50 Architecture
50:32 Citadels
55:43 Scale Mail Armor
55:44 Padded Archer Armor
56:31 Stone Shaft Mining
[FNZ] F3RNZ
8:39 Feudal Age
12:21 Castle Age
11:38 Double-Bit Axe
16:04 Horse Collar
21:20 Bow Saw
21:06 Fletching
21:46 Padded Archer Armor
21:43 Bodkin Arrow
21:37 Loom
22:28 Wheelbarrow
21:39 Town Watch
21:18 Man-at-Arms
21:43 Gambesons
21:59 Squires
24:09 Hand Cart
23:30 Long Swordsman
25:15 Forging
25:31 Gold Mining
26:41 Town Patrol
30:04 Imperial Age
27:38 Arson
27:56 Scale Mail Armor
28:23 Heavy Plow
29:01 Chain Mail Armor
29:36 Fortified Wall
28:50 Pikeman
30:23 Two-Handed Swordsman
31:50 Plate Mail Armor
31:23 Bracer
31:46 Conscription
34:06 Leather Archer Armor
35:31 Ballistics
36:12 Chemistry
34:53 Treadmill Crane
34:37 Champion
36:13 Halberdier
42:25 Onager
47:42 Ring Archer Armor
48:55 Elite White Feather Guard
49:36 Coiled Serpent Array
49:36 Bolt Magazine
50:36 Scale Barding Armor
54:53 Capped Ram
57:20 Masonry
57:05 Murder Holes
56:41 Siege Ram
RHT.H1r4m ∴
8:18 Feudal Age
13:06 Castle Age
12:03 Loom
12:19 Double-Bit Axe
13:59 Husbandry
16:39 Wheelbarrow
18:00 Cavalier
18:56 Forging
18:51 Scale Barding Armor
19:10 Horse Collar
22:50 Scale Barding Armor
24:16 Iron Casting
29:38 Murder Holes
29:54 Fortified Wall
29:51 Gold Mining
29:51 Stone Mining
30:19 Hand Cart
31:48 Gold Shaft Mining
32:11 Burgundian Vineyards
36:24 Chain Barding Armor
41:32 Imperial Age
43:21 Conscription
42:50 Capped Ram
45:35 Paladin
46:53 Plate Barding Armor
47:18 Blast Furnace
53:47 Fletching
53:57 Padded Archer Armor
RHT.El sanjuaniño
7:53 Feudal Age
8:40 Double-Bit Axe
12:42 Castle Age
11:47 Wheelbarrow
10:55 Horse Collar
11:09 Gold Mining
14:50 Wheelbarrow
14:28 Bow Saw
14:45 Bloodlines
15:49 Stone Mining
15:58 Loom
16:19 Husbandry
17:54 Heavy Plow
19:44 Hand Cart
19:16 Town Watch
20:16 Scale Barding Armor
23:14 Stone Shaft Mining
23:15 Gold Shaft Mining
32:01 Imperial Age
31:25 Town Patrol
32:17 Pikeman
32:58 Squires
33:09 Forging
33:20 Chain Barding Armor
32:51 Fletching
34:15 Murder Holes
34:30 Masonry
34:44 Elite Skirmisher
35:43 Halberdier
37:01 Iron Casting
37:02 Plate Barding Armor
36:23 Bodkin Arrow
40:40 Chemistry
39:51 Masonry
40:44 Blast Furnace
43:02 Elite War Elephant
53:28 Cavalier
RHT.patriotaSJ
3:50 Loom
7:18 Feudal Age
9:38 Double-Bit Axe
9:45 Double-Bit Axe
15:17 Castle Age
17:34 Pikeman
18:02 Gambesons
25:30 Forging
29:31 Imperial Age
26:59 Arson
27:53 Gold Mining
28:53 Fletching
31:28 Chemistry
34:02 Halberdier
35:04 Scale Mail Armor
35:40 Iron Casting
35:33 Murder Holes
35:49 Fortified Wall
46:36 Man-at-Arms
49:36 Chain Mail Armor
50:21 Blast Furnace
50:46 Long Swordsman
51:29 Bodkin Arrow
51:53 Two-Handed Swordsman
53:28 Champion
55:24 Wheelbarrow
54:34 Town Watch
RHT.Not_Zorrito
7:54 Feudal Age
6:47 Loom
12:02 Castle Age
10:25 Double-Bit Axe
11:16 Horse Collar
16:36 Fletching
24:51 Wheelbarrow
27:43 Imperial Age
26:55 Hand Cart
27:44 Bow Saw
28:54 Conscription
32:00 Bodkin Arrow
32:51 Bracer
36:04 Elite Genoese Crossbowman
36:49 Padded Archer Armor
39:24 Chemistry
38:46 Ballistics
39:00 Gold Mining
41:06 Leather Archer Armor
42:10 Ring Archer Armor
47:57 Guilds
48:18 Coinage
51:11 Murder Holes
Connection lost

Rejoining the realm…

Still unreachable

The connection could not be restored.

Session expired

The server has moved on; the page needs a fresh start.